NPBL
GEORGIA GENERALS @ VIRGINIA GRAYS
05/27/2098
 
TOP OF THE 1ST
Georgia Generals batting - Pitching for Virginia Grays : LHP Juan Medina
Pitching: LHP Juan Medina
Batting: RHB Fernando Rangel 0-0: Ball
1-0: Fly out, F8 (Flyball, 8RM, EV 93.1 MPH)
Batting: SHB Earl Meeks 0-0: Ball
1-0: Fly out, F7 (Flyball, 78M, EV 81.9 MPH)
Batting: RHB Armando Moreno 0-0: Ball
1-0: Ball
2-0: Ball
3-0: Called Strike
3-1: Foul Ball, location: 2F
3-2: Ground out 6-3 (Groundball, 6, EV 81.3 MPH)
Top of the 1st over - 0 runs, 0 hits, 0 errors, 0 left on base; Georgia 0 - Virginia 0
BOTTOM OF THE 1ST
Virginia Grays batting - Pitching for Georgia Generals : RHP Chandler Thomas
Pitching: RHP Chandler Thomas
Batting: RHB Lynn Wade 0-0: Ball
1-0: Called Strike
1-1: Ball
2-1: Called Strike
2-2: Ball
3-2: Foul Ball, location: 2F
3-2: Base on Balls
Batting: RHB Luis Cruz 0-0: Foul Ball, location: 2F
0-1: SINGLE (Groundball, 5S, EV 86.3 MPH)
Lynn Wade to second
Batting: LHB Denver Carlisle 0-0: Called Strike
0-1: Foul Ball, location: 2F
0-2: Grounds into double play, 4-6-3 (Groundball, 4, EV 103.8 MPH)
Lynn Wade to third
Batting: RHB Jim Brewer 0-0: Ball
1-0: Ball
2-0: Foul Ball, location: 9LSF
2-1: Ball
3-1: Foul Ball, location: 7LDF
3-2: Strikes out looking
Bottom of the 1st over - 0 runs, 1 hit, 0 errors, 1 left on base; Georgia 0 - Virginia 0
TOP OF THE 2ND
Georgia Generals batting - Pitching for Virginia Grays : LHP Juan Medina
Batting: RHB Willard Fuller 0-0: Called Strike
0-1: Ground out 5-3 (Groundball, 56, EV 81.3 MPH)
Batting: SHB Alfonso Castro 0-0: Ball
1-0: Fly out, F8 (Flyball, 8RM, EV 86.3 MPH)
Batting: RHB Armando Cisneros 0-0: Ball
1-0: Swinging Strike
1-1: Called Strike
1-2: Ball
2-2: Foul Ball, location: 9LSF
2-2: Strikes out swinging
Top of the 2nd over - 0 runs, 0 hits, 0 errors, 0 left on base; Georgia 0 - Virginia 0
BOTTOM OF THE 2ND
Virginia Grays batting - Pitching for Georgia Generals : RHP Chandler Thomas
Batting: RHB Raúl Ortíz 0-0: Fly out, F9 (Flyball, 89M, EV 88.8 MPH)
Batting: LHB Dorian Mosley 0-0: Swinging Strike
0-1: Ground out 3-1 (Groundball, 34, EV 81.9 MPH)
Batting: RHB Harvey Evans 0-0: Ball
1-0: Foul Ball, location: 2F
1-1: Foul Ball, location: 9LMF
1-2: Ball
2-2: Strikes out looking
Bottom of the 2nd over - 0 runs, 0 hits, 0 errors, 0 left on base; Georgia 0 - Virginia 0
TOP OF THE 3RD
Georgia Generals batting - Pitching for Virginia Grays : LHP Juan Medina
Batting: RHB Alfonso Rocha 0-0: Foul Ball, location: 25F
0-1: Ball
1-1: DOUBLE (Line Drive, 7LM, EV 103.8 MPH)
Batting: LHB Raúl Sánchez 0-0: Swinging Strike
0-1: Ball
1-1: Called Strike
1-2: Ball
2-2: Strikes out swinging
Batting: SHB Chandler Thomas 0-0: Called Strike
0-1: Called Strike
0-2: Ground out 3-1 (Groundball, 34, EV 88.1 MPH)
Alfonso Rocha to third
Batting: RHB Fernando Rangel 0-0: Ball
1-0: SINGLE (Line Drive, 7LS, EV 95.0 MPH)
Alfonso Rocha scores
Batting: SHB Earl Meeks 0-0: Foul Ball, location: 2F
0-1: Swinging Strike
0-2: Strikes out looking
Top of the 3rd over - 1 run, 2 hits, 0 errors, 1 left on base; Georgia 1 - Virginia 0
BOTTOM OF THE 3RD
Virginia Grays batting - Pitching for Georgia Generals : RHP Chandler Thomas
Batting: RHB Keisuke Kuroki 0-0: Foul Ball, location: 3F
0-1: Ball
1-1: Foul Ball, location: 2RF
1-2: Ball
2-2: Strikes out swinging
Batting: LHB Juan Medina 0-0: Swinging Strike
0-1: Called Strike
0-2: Strikes out swinging
Batting: RHB Lynn Wade 0-0: Ground out 6-3 (Groundball, 56, EV 101.9 MPH)
Bottom of the 3rd over - 0 runs, 0 hits, 0 errors, 0 left on base; Georgia 1 - Virginia 0
TOP OF THE 4TH
Georgia Generals batting - Pitching for Virginia Grays : LHP Juan Medina
Batting: RHB Armando Moreno 0-0: Called Strike
0-1: Ground out U3 (Groundball, 34, EV 80.0 MPH)
Batting: RHB Willard Fuller 0-0: Foul Ball, location: 5F
0-1: Ball
1-1: Foul Ball, location: 7LSF
1-2: Strikes out swinging
Batting: SHB Alfonso Castro 0-0: Ball
1-0: Foul Ball, location: 2F
1-1: Ground out 4-3 (Groundball, 34, EV 86.3 MPH)
Top of the 4th over - 0 runs, 0 hits, 0 errors, 0 left on base; Georgia 1 - Virginia 0
BOTTOM OF THE 4TH
Virginia Grays batting - Pitching for Georgia Generals : RHP Chandler Thomas
Batting: RHB Luis Cruz 0-0: Ball
1-0: Fly out, F8 (Flyball, 8LXD, EV 92.5 MPH)
Batting: LHB Denver Carlisle 0-0: Called Strike
0-1: Called Strike
0-2: Foul Ball, location: 2F
0-2: Strikes out looking
Batting: RHB Jim Brewer 0-0: Swinging Strike
0-1: Ball
1-1: Ground out 6-3 (Groundball, 6, EV 88.1 MPH)
Bottom of the 4th over - 0 runs, 0 hits, 0 errors, 0 left on base; Georgia 1 - Virginia 0
TOP OF THE 5TH
Georgia Generals batting - Pitching for Virginia Grays : LHP Juan Medina
Batting: RHB Armando Cisneros 0-0: Ball
1-0: Foul Ball, location: 7LDF
1-1: SINGLE (Flyball, 9S, EV 94.4 MPH)
Batting: RHB Alfonso Rocha 0-0: Ball
1-0: Ball
2-0: Called Strike
2-1: Ball
3-1: Foul Ball, location: 3SF
3-2: SINGLE (Groundball, 56S, EV 67.5 MPH) (infield hit)
Armando Cisneros to second
Batting: LHB Raúl Sánchez 0-0: Ball
1-0: Ball
2-0: Ball
3-0: Base on Balls
Armando Cisneros to third
Alfonso Rocha to second
Batting: SHB Chandler Thomas 0-0: Ball
1-0: Called Strike
1-1: SINGLE (Groundball, 6MD, EV 96.9 MPH)
Armando Cisneros scores
Alfonso Rocha to third
Raúl Sánchez to second
Batting: RHB Fernando Rangel 0-0: Called Strike
0-1: Grounds into fielders choice U2 (Groundball, 15S, EV 73.8 MPH)
Raúl Sánchez to third
Chandler Thomas to second
Batting: SHB Earl Meeks 0-0: Ball
1-0: Ball
2-0: Foul Ball, location: 7LMF
2-1: Called Strike
2-2: Foul Ball, location: 9LDF
2-2: Foul Ball, location: 9LSF
2-2: Foul Ball, location: 9LMF
2-2: Fly out, F7 (Flyball, 7S, EV 76.9 MPH)
Batting: RHB Armando Moreno 0-0: Called Strike
0-1: Ball
1-1: Called Strike
1-2: Fly out, F9 (Flyball, 9LM, EV 85.0 MPH)
Top of the 5th over - 1 run, 3 hits, 0 errors, 3 left on base; Georgia 2 - Virginia 0
BOTTOM OF THE 5TH
Virginia Grays batting - Pitching for Georgia Generals : RHP Chandler Thomas
Batting: RHB Raúl Ortíz 0-0: Called Strike
0-1: Foul Ball, location: 23F
0-2: Ball
1-2: Ball
2-2: Foul Ball, location: 9LSF
2-2: Ball
3-2: Fly out, F9 (Flyball, 89M, EV 83.1 MPH)
Batting: LHB Dorian Mosley 0-0: Ball
1-0: Ball
2-0: Called Strike
2-1: Ball
3-1: Swinging Strike
3-2: Foul Ball, location: 9LMF
3-2: Base on Balls
Batting: RHB Harvey Evans 0-0: Ball
1-0: Grounds into double play, 3-6-3 (Groundball, 3, EV 82.5 MPH)
Bottom of the 5th over - 0 runs, 0 hits, 0 errors, 0 left on base; Georgia 2 - Virginia 0
TOP OF THE 6TH
Georgia Generals batting - Pitching for Virginia Grays : LHP Juan Medina
Batting: RHB Willard Fuller 0-0: Foul Ball, location: 9LSF
0-1: Ball
1-1: Ball
2-1: Ball
3-1: Swinging Strike
3-2: Strikes out swinging
Batting: SHB Alfonso Castro 0-0: Foul Ball, location: 9LMF
0-1: Fly out, F9 (Line Drive, 89D, EV 90.0 MPH)
Batting: RHB Armando Cisneros 0-0: Foul Ball, location: 2F
0-1: Foul Ball, location: 2F
0-2: Ball
1-2: Foul Ball, location: 5F
1-2: Foul Ball, location: 9LMF
1-2: Ball
2-2: Ball
3-2: Foul Ball, location: 5FF
3-2: Fly out, F7 (Flyball, 78M, EV 86.3 MPH)
Top of the 6th over - 0 runs, 0 hits, 0 errors, 0 left on base; Georgia 2 - Virginia 0
BOTTOM OF THE 6TH
Virginia Grays batting - Pitching for Georgia Generals : RHP Chandler Thomas
Batting: RHB Keisuke Kuroki 0-0: Foul Ball, location: 25F
0-1: Ground out 6-3 (Groundball, 6, EV 91.3 MPH)
Pinch Hitting: RHB Cedric Knox 0-0: Ball
1-0: Fly out, F8 (Line Drive, 89D, EV 88.8 MPH)
Batting: RHB Lynn Wade 0-0: Called Strike
0-1: Called Strike
0-2: Ball
1-2: Foul Ball, location: 3FF
1-2: SINGLE (Line Drive, 56, EV 103.1 MPH)
Batting: RHB Luis Cruz 0-0: Swinging Strike
0-1: 2-RUN HOME RUN (Flyball, 78XD, EV 90.6 MPH), Distance : 358 ft
Batting: LHB Denver Carlisle 0-0: SINGLE (Groundball, 34D, EV 101.3 MPH)
Batting: RHB Jim Brewer 0-0: Ball
1-0: Fly out, F7 (Line Drive, 7LM, EV 86.3 MPH)
Bottom of the 6th over - 2 runs, 3 hits, 0 errors, 1 left on base; Georgia 2 - Virginia 2
TOP OF THE 7TH
Georgia Generals batting - Pitching for Virginia Grays : LHP Juan Medina
Pitching: RHP Alexis Hoffman
Pinch Hitting: LHB Jason Campbell 0-0: Called Strike
0-1: Ball
1-1: Swinging Strike
1-2: Foul Ball, location: 25F
1-2: Strikes out swinging
Batting: LHB Raúl Sánchez 0-0: Ground out 4-3 (Groundball, 4, EV 100.0 MPH)
Batting: SHB Chandler Thomas 0-0: Ball
1-0: Swinging Strike
1-1: Foul Ball, location: 9LMF
1-2: Foul Ball, location: 3DF
1-2: Ball
2-2: Foul Ball, location: 3FF
2-2: Foul Ball, location: 23F
2-2: Ball
3-2: Strikes out swinging
Top of the 7th over - 0 runs, 0 hits, 0 errors, 0 left on base; Georgia 2 - Virginia 2
BOTTOM OF THE 7TH
Virginia Grays batting - Pitching for Georgia Generals : RHP Chandler Thomas
Now at 2B: Jason Campbell
Now at 3B: Earl Meeks
Batting: RHB Raúl Ortíz 0-0: Ball
1-0: Foul Ball, location: 2F
1-1: Foul Ball, location: 2F
1-2: Ball
2-2: Ball
3-2: Ground out 4-3 (Groundball, 4, EV 99.4 MPH)
Batting: LHB Dorian Mosley 0-0: SINGLE (Line Drive, 34D, EV 101.9 MPH)
Batting: RHB Harvey Evans 0-0: Ball
1-0: Ball
2-0: Foul Ball, location: 2RF
2-1: Called Strike
2-2: Foul Ball, location: 3DF
2-2: Grounds into double play, 6-4-3 (Groundball, 6, EV 93.8 MPH)
Bottom of the 7th over - 0 runs, 1 hit, 0 errors, 0 left on base; Georgia 2 - Virginia 2
TOP OF THE 8TH
Georgia Generals batting - Pitching for Virginia Grays : RHP Alexis Hoffman
Pinch Hitting: LHB Héctor Rea 0-0: SOLO HOME RUN (Flyball, 8RXD, EV 105.6 MPH), Distance : 417 ft
Batting: SHB Earl Meeks 0-0: Called Strike
0-1: Foul Ball, location: 2F
0-2: Ball
1-2: Foul Ball, location: 7LMF
1-2: Ball
2-2: Strikes out swinging
Batting: RHB Armando Moreno 0-0: Ball
1-0: Ball
2-0: Called Strike
2-1: Foul Ball, location: 2F
2-2: Ball
3-2: Ground out 5-3 (Groundball, 15, EV 87.5 MPH)
Batting: RHB Willard Fuller 0-0: Called Strike
0-1: Ball
1-1: Swinging Strike
1-2: Foul Ball, location: 2F
1-2: Ball
2-2: Strikes out swinging
Top of the 8th over - 1 run, 1 hit, 0 errors, 0 left on base; Georgia 3 - Virginia 2
BOTTOM OF THE 8TH
Virginia Grays batting - Pitching for Georgia Generals : RHP Chandler Thomas
Now in CF: Willard Fuller
Now in RF: Carlos Hernández
Batting: RHB Keisuke Kuroki 0-0: Called Strike
0-1: Ground out 5-3 (Groundball, 56, EV 100.6 MPH)
Pinch Hitting: LHB Werner Anderson 0-0: Called Strike
0-1: Ball
1-1: Foul Ball, location: 2F
1-2: Hit by Pitch
Pitching: RHP Chris Wright
Batting: RHB Lynn Wade 0-0: Swinging Strike
0-1: Grounds into double play, 6-4-3 (Groundball, 6, EV 108.8 MPH)
Bottom of the 8th over - 0 runs, 0 hits, 0 errors, 0 left on base; Georgia 3 - Virginia 2
TOP OF THE 9TH
Georgia Generals batting - Pitching for Virginia Grays : RHP Alexis Hoffman
Pitching: RHP Leo Wilson
Batting: SHB Alfonso Castro 0-0: Ground out 5-3 (Groundball, 15, EV 83.8 MPH)
Batting: RHB Armando Cisneros 0-0: Foul Ball, location: 5SF
0-1: Fly out, F9 (Line Drive, 9, EV 106.9 MPH)
Batting: LHB Jason Campbell 0-0: Ball
1-0: Ball
2-0: SINGLE (Groundball, 4MD, EV 94.4 MPH)
Batting: LHB Raúl Sánchez 0-0: Called Strike
0-1: Foul Ball, location: 2F
0-2: Ball
1-2: Foul Ball, location: 2RF
1-2: Ball
2-2: Strikes out looking
Top of the 9th over - 0 runs, 1 hit, 0 errors, 1 left on base; Georgia 3 - Virginia 2
BOTTOM OF THE 9TH
Virginia Grays batting - Pitching for Georgia Generals : RHP Chris Wright
Pitching: RHP Juan León
Now at C: David Hall
Batting: RHB Luis Cruz 0-0: Swinging Strike
0-1: Ball
1-1: Ground out 6-3 (Groundball, 6, EV 86.9 MPH)
Batting: LHB Denver Carlisle 0-0: Ball
1-0: Called Strike
1-1: DOUBLE (Line Drive, 9LM, EV 100.6 MPH)
Pinch Runner at 2nd Jorge García:
Batting: RHB Jim Brewer 0-0: Ball
1-0: Ball
2-0: Called Strike
2-1: Swinging Strike
2-2: Foul Ball, location: 9LSF
2-2: Ball
3-2: Base on Balls
Batting: RHB Raúl Ortíz 0-0: Foul Ball, location: 2F
0-1: Swinging Strike
Balk!
Jorge García to third
Jim Brewer to second
0-2: Ball
1-2: SINGLE (Line Drive, 34D, EV 102.5 MPH)
Jorge García scores
Jim Brewer to third
Batting: LHB Dorian Mosley 0-0: Ball
1-0: Ball
2-0: Foul Ball, location: 2F
2-1: Ball
3-1: Foul Ball, location: 9LDF
3-2: Foul Ball, location: 3FF
3-2: Base on Balls
Raúl Ortíz to second
Batting: RHB Harvey Evans 0-0: Foul Ball, location: 9LDF
0-1: Foul Ball, location: 2F
0-2: Ball
1-2: Foul Ball, location: 3F
1-2: Grounds into fielders choice U2 (Groundball, 2L, EV 63.8 MPH)
Raúl Ortíz to third
Dorian Mosley to second
Batting: RHB Keisuke Kuroki 0-0: Called Strike
0-1: Called Strike
0-2: Ground out 1-3 (Groundball, 23, EV 64.4 MPH)
Bottom of the 9th over - 1 run, 2 hits, 0 errors, 3 left on base; Georgia 3 - Virginia 3
TOP OF THE 10TH
Georgia Generals batting - Pitching for Virginia Grays : RHP Leo Wilson
Pitching: RHP Daniel Rivera
Now at 3B: Harvey Evans
Now at SS: Garrett Morrison
Now in LF: Bill Owens
Batting: SHB David Hall 0-0: Ball
1-0: Ball
2-0: Called Strike
2-1: SINGLE (Line Drive, 9S, EV 93.8 MPH)
Batting: LHB Carlos Hernández 0-0: Swinging Strike
0-1: SINGLE (Line Drive, 78S, EV 110.0 MPH)
David Hall to second
Batting: SHB Earl Meeks 0-0: Ball
1-0: Foul Ball, location: 7LDF
1-1: Swinging Strike
1-2: Strikes out swinging
Batting: RHB Armando Moreno 0-0: Ball
1-0: Swinging Strike
1-1: Called Strike
1-2: Foul Ball, location: 2F
1-2: Strikes out swinging
Batting: RHB Willard Fuller 0-0: Ball
1-0: Called Strike
1-1: Called Strike
1-2: Strikes out looking
Top of the 10th over - 0 runs, 2 hits, 0 errors, 2 left on base; Georgia 3 - Virginia 3
BOTTOM OF THE 10TH
Virginia Grays batting - Pitching for Georgia Generals : RHP Juan León
Pitching: RHP José Martínez
Batting: LHB Garrett Morrison 0-0: Ball
1-0: Ground out 5-3 (Groundball, 56S, EV 70.6 MPH)
Batting: RHB Lynn Wade 0-0: Called Strike
0-1: Foul Ball, location: 9LMF
0-2: Strikes out looking
Batting: RHB Luis Cruz 0-0: Ball
1-0: Called Strike
1-1: Called Strike
1-2: Ball
2-2: Hit by Pitch
Batting: LHB Bill Owens 0-0: Ball
1-0: Ball
2-0: Called Strike
2-1: Foul Ball, location: 9LDF
2-2: Strikes out swinging
Bottom of the 10th over - 0 runs, 0 hits, 0 errors, 1 left on base; Georgia 3 - Virginia 3
TOP OF THE 11TH
Georgia Generals batting - Pitching for Virginia Grays : RHP Daniel Rivera
Pinch Hitting: RHB Pedro Acosta 0-0: Ball
1-0: Ball
2-0: Foul Ball, location: 2F
2-1: SINGLE (Groundball, 6MS, EV 71.3 MPH) (infield hit)
Batting: RHB Armando Cisneros 0-0: Ball
1-0: Swinging Strike
1-1: Foul Ball, location: 2F
1-2: Foul Ball, location: 3F
1-2: Strikes out swinging
Batting: LHB Jason Campbell 0-0: Ball
1-0: Foul Ball, location: 2F
1-1: Called Strike
1-2: Foul Ball, location: 7LMF
1-2: Foul Ball, location: 7LSF
1-2: Fly out, F8 (Flyball, 8LD, EV 95.0 MPH)
Batting: LHB Raúl Sánchez 0-0: Swinging Strike
0-1: Ball
1-1: Foul Ball, location: 7LSF
1-2: Foul Ball, location: 7LMF
1-2: Ball
2-2: Strikes out swinging
Top of the 11th over - 0 runs, 1 hit, 0 errors, 1 left on base; Georgia 3 - Virginia 3
BOTTOM OF THE 11TH
Virginia Grays batting - Pitching for Georgia Generals : RHP José Martínez
Pitching: RHP Juan Delgado
Batting: RHB Jim Brewer 0-0: Called Strike
0-1: Ball
1-1: Swinging Strike
1-2: Ball
2-2: Foul Ball, location: 7LMF
2-2: Foul Ball, location: 9LDF
2-2: Foul Ball, location: 2F
2-2: Ball
3-2: Base on Balls
Batting: RHB Raúl Ortíz 0-0: Ball
1-0: Ball
2-0: Ball
3-0: Called Strike
3-1: Foul Ball, location: 3F
3-2: DOUBLE (Line Drive, 89D, EV 100.6 MPH)
Jim Brewer to third
Runner from 3rd tries for Home, SAFE, no throw by RF
Bottom of the 11th over - 1 run, 1 hit, 0 errors, 1 left on base; Georgia 3 - Virginia 4
Tuesday, April 30th , 2024 - OOTP Baseball 24.6 Build 69